 Dungeon Crawl Stone Soup version 0.17-a0-1927-g319369b (webtiles) character file.

38 Ordine the Digger (level 3, -1/19 HPs)
             Began as a Gargoyle Earth Elementalist on Sept 29, 2015.
             Slain by Ijyb
             ... wielding a +0 dagger
              (2 damage)
             ... on level 2 of the Dungeon.
             The game lasted 00:05:23 (1154 turns).

Ordine the Digger (Gargoyle Earth Elementalist)     Turns: 1154, Time: 00:05:23

Health: -1/19      AC:  6    Str: 11    XL:     3   Next: 43%
Magic:  0/7        EV: 12    Int: 16    God:
Gold:   73         SH:  0    Dex: 10    Spells: 3 memorised, 2 levels left

rFire  . . .     SeeInvis .     h - +0 mace
rCold  . . .     Clarity  .     b - +0 robe
rNeg   + . .     SustAt   .     (no shield)
rPois  ∞         Gourm    .     (no helmet)
rElec  +         Spirit   .     (no cloak)
rCorr  .         Warding  .     l - +0 pair of gloves
rMut   .         Stasis   +     (no boots)
MR     .....                    e - amulet of stasis
Stlth  ++........               (no ring)
                                (no ring)

@: not resistant to hostile enchantments, unstealthy
A: negative energy resistance 1, electricity resistance, unbreathing,
petrification resistance, rot immunity, AC +3
a: no special abilities


You were on level 2 of the Dungeon.
You were very hungry.

You visited 1 branch of the dungeon, and saw 2 of its levels.

You collected 73 gold pieces.

Inventory:

Hand weapons
 h - a +0 mace (weapon)
Missiles
 a - 11 stones (quivered)
Armour
 b - a +0 robe (worn)
 l - a +0 pair of gloves (worn)
Jewellery
 e - an amulet of stasis (around neck)
Scrolls
 g - a scroll of teleportation
 j - a scroll of enchant armour {unknown}
 k - a scroll of identify {unknown}
Potions
 i - a potion of curing {unknown}
Books
 c - a book of Geomancy

   Spells                             Type                      Level
   a - Sandblast                      Earth                        1
   b - Stoneskin                      Transmutation/Earth          2
   c - Passwall                       Transmutation/Earth          3
   d - Stone Arrow                    Conjuration/Earth            3
   e - Petrify                        Transmutation/Earth          4
   f - Lee's Rapid Deconstruction     Earth                        5
Comestibles
 d - a bread ration


   Skills:
 - Level 1.5 Dodging
 - Level 2.1 Stealth
 * Level 3.0 Spellcasting
 - Level 0.7 Transmutations
 + Level 4.3 Earth Magic


You had 2 spell levels left.
You knew the following spells:

 Your Spells              Type           Power        Failure   Level  Hunger
a - Sandblast             Erth           ###...       3%          1    #......
b - Stoneskin             Trmt/Erth      ##......     12%         2    ##.....
c - Stone Arrow           Conj/Erth      #.....       28%         3    ###....


Dungeon Overview and Level Annotations

Branches:
Dungeon (2/15)

Altars:

Annotations:
D:2 Ijyb


Innate Abilities, Weirdness & Mutations

You are resistant to torment.
Your stone body is resilient (AC +3).
You are immune to poison.
You resist negative energy.
You are resistant to electric shocks.
You can survive without breathing.
You are immune to petrification.
You are immune to rotting.


Message History

Ijyb hits you but does no damage. Ijyb closely misses you.
Casting: Sandblast
Confirm with . or Enter, or press ? or * to list all spells.
Aiming: Sandblast
Press: ? - help, Shift-Dir - straight line, f/p - Ijyb
Aim: Ijyb, wielding a dagger and wearing a chain mail (severely wounded)
The blast of sand hits Ijyb.
Ijyb is severely wounded.
Ijyb hits you with a dagger.
* * * LOW HITPOINT WARNING * * *
You closely miss Ijyb.
Ijyb is severely wounded.
Ijyb hits you but does no damage.
You hit Ijyb.
Ijyb is almost dead.
Ijyb closely misses you. Ijyb hits you but does no damage.
You barely miss Ijyb.
Ijyb is almost dead.
Ijyb hits you with a dagger.
You die...

......................####.......
........................##.......
.........................#.......
.........................#.......
...................#.............
...[...............#.............
...................#.............
...................#.....#######.
................@..#.....# .
................g..#.....#
.........................#
....................######
....................#
....................#
....................#
....................#
....................#


You could see Ijyb.

Vanquished Creatures
  An adder (D:2)
  A giant gecko (D:1)
  A ball python (D:2)
  A giant cockroach (D:1)
  4 goblins (D:1)
  3 hobgoblins
  9 jackals
  A giant newt (D:1)
  2 kobolds
  4 rats
27 creatures vanquished.

Notes
Turn   | Place    | Note
--------------------------------------------------------------
     0 | D:1      | Ordine the Gargoyle Earth Elementalist began the quest for the Orb.
     0 | D:1      | Reached XP level 1. HP: 10/10 MP: 3/3
   185 | D:1      | Reached XP level 2. HP: 15/15 MP: 3/5
   196 | D:1      | Learned a level 2 spell: Stoneskin
   489 | D:1      | Reached skill level 4 in Earth Magic
   812 | D:2      | Reached XP level 3. HP: 17/19 MP: 0/7
   835 | D:2      | Learned a level 3 spell: Stone Arrow
  1006 | D:2      | Noticed Ijyb
  1154 | D:2      | Slain by Ijyb

Vault maps used:
D:1:      minmay_arrival_four_circles
D:2:      wad_floor_pattern_2, uniq_iyjb, uniq_sigmund

Action                   || total
-------------------------++-------
Melee: Club              ||     6
       Mace              ||    71
 Cast: Sandblast         ||    56
  Use: Scroll            ||     1
 Stab: Sleeping          ||     1
